MLB
OAKLAND ATHLETICS @ MINNESOTA TWINS
08/26/2041
 
TOP OF THE 1ST
Oakland Athletics batting - Pitching for Minnesota Twins : RHP Bud Miller
Pitching: RHP Bud Miller
Batting: RHB Jeremy Johnson 0-0: Ball
1-0: Ball
2-0: Called Strike
2-1: Ball
3-1: Base on Balls
Batting: RHB Eric Davis 0-0: Ball
1-0: Ball
Jeremy Johnson steals 2nd base
2-0: Ball
3-0: Swinging Strike
3-1: Foul Ball, location: 25FF
3-2: Strikes out swinging
Batting: LHB Jesús Cantú 0-0: Ball
1-0: Ball
2-0: Fly out, F5 (Popup, 25F, EV 86.9 MPH)
Batting: RHB Luis García 0-0: Swinging Strike
0-1: Foul Ball, location: 2F
0-2: Ground out 6-3 (Groundball, 6, EV 106.3 MPH)
Top of the 1st over - 0 runs, 0 hits, 0 errors, 1 left on base; Oakland 0 - Minnesota 0
BOTTOM OF THE 1ST
Minnesota Twins batting - Pitching for Oakland Athletics : RHP Devin Hogan
Pitching: RHP Devin Hogan
Batting: RHB Ken Quebell 0-0: Called Strike
0-1: Foul Ball, location: 2F
0-2: Ball
1-2: Ball
2-2: Ball
3-2: Foul Ball, location: 5FF
3-2: Base on Balls
Batting: LHB Orlando Rodríguez 0-0: Ball
Ken Quebell steals 2nd base
1-0: SINGLE (Groundball, P, EV 88.8 MPH) (infield hit)
Ken Quebell to third
Batting: SHB Steve Sanders 0-0: Ball
1-0: Foul Ball, location: 2RF
1-1: SINGLE (Line Drive, 6D, EV 105.0 MPH)
Ken Quebell scores
Orlando Rodríguez to second
Runner from 2nd tries for 3rd, SAFE, throw by LF made to third
Batting: LHB José Becerra 0-0: SINGLE (Line Drive, 4MD, EV 96.3 MPH)
Orlando Rodríguez scores
Steve Sanders to second
Batting: LHB Del England 0-0: Ball
1-0: Called Strike
1-1: Ball
2-1: Grounds into double play, 4-6-3 (Groundball, 4, EV 86.9 MPH)
Steve Sanders to third
Batting: RHB Leonardo Boccasino 0-0: Ground out U3 (Groundball, 34, EV 105.0 MPH)
Bottom of the 1st over - 2 runs, 3 hits, 0 errors, 1 left on base; Oakland 0 - Minnesota 2
TOP OF THE 2ND
Oakland Athletics batting - Pitching for Minnesota Twins : RHP Bud Miller
Batting: RHB Héctor González 0-0: Ball
1-0: Fly out, F8 (Flyball, 78M, EV 83.8 MPH)
Batting: RHB José Rodríguez 0-0: Ground out 5-3 (Groundball, 56, EV 96.3 MPH)
Batting: RHB David Álvarez 0-0: Ball
1-0: Ball
2-0: Fly out, F9 (Flyball, 89S, EV 90.0 MPH)
Top of the 2nd over - 0 runs, 0 hits, 0 errors, 0 left on base; Oakland 0 - Minnesota 2
BOTTOM OF THE 2ND
Minnesota Twins batting - Pitching for Oakland Athletics : RHP Devin Hogan
Batting: RHB Ernesto Paganin 0-0: Ball
1-0: Ball
2-0: Ball
3-0: Base on Balls
Batting: RHB Dan Adams 0-0: Bunted foul
0-1: Ball
1-1: Sac Bunt to 2R - play at second, runner OUT! 2-6
Batting: RHB Chris Porter 0-0: SINGLE (Line Drive, 7LS, EV 108.1 MPH)
Dan Adams to second
Batting: RHB Ken Quebell 0-0: Ball
1-0: Called Strike
1-1: Swinging Strike
1-2: Strikes out looking
Batting: LHB Orlando Rodríguez 0-0: Fly out, F6 (Popup, 6S, EV 77.5 MPH)
Bottom of the 2nd over - 0 runs, 1 hit, 0 errors, 2 left on base; Oakland 0 - Minnesota 2
TOP OF THE 3RD
Oakland Athletics batting - Pitching for Minnesota Twins : RHP Bud Miller
Batting: RHB Devin Hogan 0-0: Ball
1-0: Foul Ball, location: 9LMF
1-1: Fly out, F7 (Line Drive, 7, EV 96.3 MPH)
Batting: RHB Tom Doherty 0-0: Ball
1-0: Ball
2-0: Ball
3-0: Called Strike
3-1: SINGLE (Groundball, 4MD, EV 96.3 MPH)
Batting: RHB Jeremy Johnson 0-0: Ball
1-0: Grounds into double play, 5-4-3 (Groundball, 56, EV 83.1 MPH)
Top of the 3rd over - 0 runs, 1 hit, 0 errors, 0 left on base; Oakland 0 - Minnesota 2
BOTTOM OF THE 3RD
Minnesota Twins batting - Pitching for Oakland Athletics : RHP Devin Hogan
Batting: SHB Steve Sanders 0-0: Called Strike
0-1: Ball
1-1: Ball
2-1: Foul Ball, location: 7LMF
2-2: Ball
3-2: Base on Balls
Batting: LHB José Becerra 0-0: Swinging Strike
0-1: Foul Ball, location: 2F
0-2: Ball
1-2: Foul Ball, location: 7LSF
1-2: Ball
2-2: Ball
3-2: Fielders Choice at 2nd, 3-6 (Groundball, 3S, EV 82.5 MPH)
Batting: LHB Del England 0-0: Called Strike
0-1: Ball
1-1: Foul Ball, location: 7LDF
1-2: Grounds into double play, 6-4-3 (Groundball, 56, EV 80.0 MPH)
Bottom of the 3rd over - 0 runs, 0 hits, 0 errors, 0 left on base; Oakland 0 - Minnesota 2
TOP OF THE 4TH
Oakland Athletics batting - Pitching for Minnesota Twins : RHP Bud Miller
Batting: RHB Eric Davis 0-0: Ground out 4-3 (Groundball, 4, EV 106.9 MPH)
Batting: LHB Jesús Cantú 0-0: Ball
1-0: Ball
2-0: Ball
3-0: Called Strike
3-1: Called Strike
3-2: Foul Ball, location: 2F
3-2: Base on Balls
Batting: RHB Luis García 0-0: Foul Ball, location: 2F
0-1: Ball
1-1: DOUBLE (Flyball, 89D, EV 110.6 MPH)
Jesús Cantú to third
Runner from 3rd tries for Home, SAFE, throw by RF to trailing runner, SAFE at third!
Batting: RHB Héctor González 0-0: Swinging Strike
0-1: Called Strike
0-2: Strikes out looking
Batting: RHB José Rodríguez 0-0: Ball
1-0: Called Strike
1-1: Foul Ball, location: 3F
1-2: Ball
2-2: Foul Ball, location: 2F
2-2: Foul Ball, location: 25F
2-2: Strikes out looking
Top of the 4th over - 1 run, 1 hit, 0 errors, 1 left on base; Oakland 1 - Minnesota 2
BOTTOM OF THE 4TH
Minnesota Twins batting - Pitching for Oakland Athletics : RHP Devin Hogan
Batting: RHB Leonardo Boccasino 0-0: Fly out, F8 (Flyball, 89D, EV 90.0 MPH)
Batting: RHB Ernesto Paganin 0-0: Foul Ball, location: 2F
0-1: Foul Ball, location: 23F
0-2: Ball
1-2: Foul Ball, location: 2F
1-2: Ball
2-2: Foul Ball, location: 5SF
2-2: Foul Ball, location: 25F
2-2: Ball
3-2: Foul Ball, location: 9LMF
3-2: Foul Ball, location: 3SF
3-2: Foul Ball, location: 2F
3-2: DOUBLE (Line Drive, 78XD, EV 110.6 MPH)
Batting: RHB Dan Adams 0-0: Called Strike
0-1: Ball
1-1: Foul Ball, location: 5F
1-2: Strikes out swinging
Batting: RHB Chris Porter 0-0: Called Strike
0-1: Ball
1-1: Foul Ball, location: 7LSFF
1-2: Ground out 6-3 (Groundball, 6, EV 81.3 MPH)
Bottom of the 4th over - 0 runs, 1 hit, 0 errors, 1 left on base; Oakland 1 - Minnesota 2
TOP OF THE 5TH
Oakland Athletics batting - Pitching for Minnesota Twins : RHP Bud Miller
Batting: RHB David Álvarez 0-0: Swinging Strike
0-1: Ball
1-1: Foul Ball, location: 9LMFF
1-2: Ball
2-2: Strikes out looking
Batting: RHB Devin Hogan 0-0: Swinging Strike
0-1: Swinging Strike
0-2: Strikes out swinging
Batting: RHB Tom Doherty 0-0: Foul Ball, location: 9LSF
0-1: Ball
1-1: Ball
2-1: Foul Ball, location: 7LMF
2-2: Strikes out swinging
Top of the 5th over - 0 runs, 0 hits, 0 errors, 0 left on base; Oakland 1 - Minnesota 2
BOTTOM OF THE 5TH
Minnesota Twins batting - Pitching for Oakland Athletics : RHP Devin Hogan
Batting: RHB Ken Quebell 0-0: Foul Ball, location: 5FF
0-1: Called Strike
0-2: Ball
1-2: Foul Ball, location: 2F
1-2: Foul Ball, location: 3SF
1-2: Ball
2-2: Ground out 1-3 (Groundball, 15S, EV 68.1 MPH)
Batting: LHB Orlando Rodríguez 0-0: Swinging Strike
0-1: Ball
1-1: Ball
2-1: SINGLE (Groundball, 6S, EV 65.0 MPH) (infield hit)
Batting: SHB Steve Sanders 0-0: Ball
1-0: Called Strike
1-1: Foul Ball, location: 2F
1-2: Ball
2-2: Foul Ball, location: 2RF
2-2: Foul Ball, location: 7LMF
2-2: Ball
3-2: Base on Balls
Orlando Rodríguez to second
Batting: LHB José Becerra 0-0: Called Strike
0-1: SINGLE (Groundball, 4MD, EV 97.5 MPH)
Orlando Rodríguez to third
Steve Sanders to second
Batting: LHB Del England 0-0: Foul Ball, location: 7LMF
0-1: DOUBLE (Line Drive, 8LXD, EV 101.9 MPH)
Orlando Rodríguez scores
Steve Sanders scores
José Becerra to third
Runner from 3rd tries for Home, SAFE, throw by CF to trailing runner, SAFE at third!
Pitching: LHP Dan Moore
Batting: RHB Leonardo Boccasino 0-0: Ball
1-0: Foul Ball, location: 25F
1-1: Ball
2-1: Ball
3-1: Foul Ball, location: 2F
3-2: Strikes out swinging
Batting: RHB Ernesto Paganin 0-0: Foul Ball, location: 9LDF
0-1: Foul Ball, location: 2F
0-2: Ball
Wild Pitch!
Del England scores
1-2: Foul Ball, location: 9LSF
1-2: Foul Ball, location: 9LMF
1-2: Ball
2-2: SINGLE (Groundball, 6MD, EV 100.6 MPH)
Batting: RHB Dan Adams 0-0: Ball
1-0: Ball
2-0: Ball
3-0: Base on Balls
Ernesto Paganin to second
Batting: RHB Chris Porter 0-0: Ball
1-0: Ball
2-0: Fly out, F9 (Flyball, 9D, EV 94.4 MPH)
Bottom of the 5th over - 4 runs, 4 hits, 0 errors, 2 left on base; Oakland 1 - Minnesota 6
TOP OF THE 6TH
Oakland Athletics batting - Pitching for Minnesota Twins : RHP Bud Miller
Batting: RHB Jeremy Johnson 0-0: Foul Ball, location: 9LSF
0-1: Foul Ball, location: 25F
0-2: Foul Ball, location: 2RF
0-2: Fly out, F5 (Line Drive, 5, EV 68.1 MPH)
Batting: RHB Eric Davis 0-0: Ball
1-0: Foul Ball, location: 9LMF
1-1: Swinging Strike
1-2: Hit by Pitch
Batting: LHB Jesús Cantú 0-0: Ball
1-0: Called Strike
1-1: Swinging Strike
1-2: Foul Ball, location: 2F
1-2: Ball
Wild Pitch!
Eric Davis to second
2-2: Strikes out looking
Batting: RHB Luis García 0-0: Ball
1-0: Called Strike
1-1: Foul Ball, location: 2F
1-2: Ball
2-2: Strikes out swinging
Top of the 6th over - 0 runs, 0 hits, 0 errors, 1 left on base; Oakland 1 - Minnesota 6
BOTTOM OF THE 6TH
Minnesota Twins batting - Pitching for Oakland Athletics : LHP Dan Moore
Batting: RHB Ken Quebell 0-0: Ball
1-0: Foul Ball, location: 2F
1-1: Ball
2-1: SINGLE (Groundball, 56D, EV 100.0 MPH)
Batting: LHB Orlando Rodríguez 0-0: Ball
1-0: Ball
Ken Quebell is caught stealing 2nd base 2-6
2-0: Foul Ball, location: 25F
2-1: Ground out 4-3 (Groundball, 4, EV 88.8 MPH)
Batting: SHB Steve Sanders 0-0: Fly out, F8 (Line Drive, 8RM, EV 95.6 MPH)
Bottom of the 6th over - 0 runs, 1 hit, 0 errors, 0 left on base; Oakland 1 - Minnesota 6
TOP OF THE 7TH
Oakland Athletics batting - Pitching for Minnesota Twins : RHP Bud Miller
Batting: RHB Héctor González 0-0: Called Strike
0-1: Fly out, F8 (Flyball, 78D, EV 88.8 MPH)
Batting: RHB José Rodríguez 0-0: Ball
1-0: Ground out 5-3 (Groundball, 5, EV 83.8 MPH)
Batting: RHB David Álvarez 0-0: Called Strike
0-1: Ball
1-1: Ball
2-1: SINGLE (Groundball, 5D, EV 100.6 MPH)
Batting: RHB Devin Hogan 0-0: Called Strike
0-1: Foul Ball, location: 2F
0-2: Ball
1-2: Strikes out swinging
Top of the 7th over - 0 runs, 1 hit, 0 errors, 1 left on base; Oakland 1 - Minnesota 6
BOTTOM OF THE 7TH
Minnesota Twins batting - Pitching for Oakland Athletics : LHP Dan Moore
Batting: LHB José Becerra 0-0: SINGLE (Line Drive, 78S, EV 104.4 MPH)
Batting: LHB Del England 0-0: Ball
1-0: DOUBLE (Line Drive, 78D, EV 103.8 MPH)
José Becerra to third
Batting: RHB Leonardo Boccasino 0-0: Fly out, F5 (Popup, 6S, EV 68.8 MPH)
Batting: RHB Ernesto Paganin 0-0: Called Strike
0-1: SINGLE (Flyball, 8LS, EV 92.5 MPH)
José Becerra scores
Del England to third
Batting: RHB Dan Adams 0-0: Ball
1-0: Called Strike
1-1: Ball
2-1: Ball
3-1: Fly out, F3 (Popup, 34S, EV 75.6 MPH)
Batting: RHB Chris Porter 0-0: Foul Ball, location: 9LDF
0-1: Swinging Strike
0-2: Foul Ball, location: 3FF
0-2: Ball
1-2: Foul Ball, location: 2F
1-2: SINGLE (Line Drive, 3D, EV 95.0 MPH)
Del England scores
Ernesto Paganin to second
Batting: RHB Ken Quebell 0-0: Ball
1-0: Called Strike
1-1: Foul Ball, location: 5DF
1-2: Ball
2-2: Foul Ball, location: 5F
2-2: SINGLE (Line Drive, 89M, EV 92.5 MPH)
Ernesto Paganin to third
Chris Porter to second
Runner from 3rd tries for Home, throw by RF and OUT! 9-2
Bottom of the 7th over - 2 runs, 5 hits, 0 errors, 2 left on base; Oakland 1 - Minnesota 8
TOP OF THE 8TH
Oakland Athletics batting - Pitching for Minnesota Twins : RHP Bud Miller
Batting: RHB Tom Doherty 0-0: Ball
1-0: Swinging Strike
1-1: Foul Ball, location: 2F
1-2: Ball
2-2: Ball
3-2: SINGLE (Groundball, 6MD, EV 102.5 MPH)
Pitching: RHP Robbie Randall
Batting: RHB Jeremy Johnson 0-0: Swinging Strike
0-1: Called Strike
0-2: Foul Ball, location: 2F
0-2: Ball
1-2: Strikes out swinging
Batting: RHB Eric Davis 0-0: Swinging Strike
0-1: Ball
1-1: Ball
2-1: Foul Ball, location: 2RF
2-2: Strikes out swinging
Pinch Hitting: RHB Rob Bryant 0-0: Ball
1-0: Ball
2-0: Called Strike
2-1: Ball
3-1: Called Strike
3-2: Base on Balls
Tom Doherty to second
Batting: RHB Luis García 0-0: SINGLE (Groundball, 34D, EV 95.6 MPH)
Tom Doherty to third
Rob Bryant to second
Runner from 3rd tries for Home, throw by RF and OUT! 9-2
Top of the 8th over - 0 runs, 2 hits, 0 errors, 2 left on base; Oakland 1 - Minnesota 8
BOTTOM OF THE 8TH
Minnesota Twins batting - Pitching for Oakland Athletics : LHP Dan Moore
Now in RF: Rob Bryant
Batting: LHB Orlando Rodríguez 0-0: Swinging Strike
0-1: Foul Ball, location: 25F
0-2: Foul Ball, location: 9LMF
0-2: Ball
1-2: SOLO HOME RUN (Flyball, 9LD, EV 97.5 MPH), Distance : 365 ft
Batting: SHB Steve Sanders 0-0: Ball
1-0: Ball
2-0: Called Strike
2-1: Foul Ball, location: 2F
2-2: Foul Ball, location: 5F
2-2: Ball
3-2: Foul Ball, location: 7LMF
3-2: Fly out, F3 (Popup, 3SF, EV 73.1 MPH)
Batting: LHB José Becerra 0-0: Ball
1-0: Foul Ball, location: 3SF
1-1: Foul Ball, location: 25FF
1-2: Foul Ball, location: 2F
1-2: Foul Ball, location: 2F
1-2: Ball
2-2: Ball
3-2: Foul Ball, location: 7LSF
3-2: SINGLE (Line Drive, 7S, EV 98.1 MPH)
Pitching: RHP Ismael Roa
Batting: LHB Del England 0-0: Swinging Strike
0-1: Called Strike
0-2: Grounds into double play, 4-6-3 (Groundball, 4S, EV 88.1 MPH)
Bottom of the 8th over - 1 run, 2 hits, 0 errors, 0 left on base; Oakland 1 - Minnesota 9
TOP OF THE 9TH
Oakland Athletics batting - Pitching for Minnesota Twins : RHP Robbie Randall
Batting: RHB Héctor González 0-0: Ball
1-0: Foul Ball, location: 2F
1-1: Ball
2-1: Ball
3-1: Foul Ball, location: 5F
3-2: Base on Balls
Batting: RHB José Rodríguez 0-0: Ball
1-0: Ball
2-0: Ball
3-0: Called Strike
3-1: Foul Ball, location: 5DF
3-2: Grounds into double play, 5-4-3 (Groundball, 5, EV 95.0 MPH)
Pinch Hitting: RHB Jody Dailey 0-0: Ground out 6-3 (Groundball, 6, EV 91.3 MPH)
Top of the 9th over - 0 runs, 0 hits, 0 errors, 0 left on base; Oakland 1 - Minnesota 9
Sunday, March 24th , 2024 - OOTP Baseball 24.10 Build 82